 Dungeon Crawl Stone Soup version 0.27-a0-1532-gca18f49f40 (webtiles) character file.

Game seed: 2064006804792290298

112 robertstho the Magician (level 5, 0/36 HPs)
             Began as a Djinni Fire Elementalist on July 12, 2021.
             Slain by an orc (6 damage)
             ... on level 4 of the Dungeon.
             The game lasted 00:02:54 (3812 turns).

robertstho the Magician (Djinni Fire Elementalist)  Turns: 3812, Time: 00:02:55

Health: 0/36       AC:  3    Str:  7    XL:     5   Next: 16%
Gold:   88         EV: 12    Int: 18    God:
                   SH:  0    Dex: 13

rFire    + + .     SeeInvis .   j - +0 short sword
rCold    x . .     Faith    .   (no shield)
rNeg     . . .     Spirit   .   a - +0 robe
rPois    ∞         Reflect  .   h - +0 helmet
rElec    .         Harm     .   (no cloak)
rCorr    .         Rampage  .   (no gloves)
Will     .....                  (boots unavailable)
Stlth    ++........             (no amulet)
HPRegen  0.12/turn              (no ring)
MPRegen  0.00/turn              (no ring)

@: flying, very slightly contaminated
A: sickness immunity, fire resistance 2, cold vulnerability 1, float, innate
caster, hp casting, extra vitality 1
a: no special abilities


You were on level 4 of the Dungeon.
You visited 1 branch of the dungeon, and saw 4 of its levels.

You collected 116 gold pieces.
You spent 28 gold pieces at shops.

Inventory:

Hand Weapons
 j - a +0 short sword (weapon)
Missiles
 f - a throwing net
Armour
 a - a +0 robe (worn)
 h - a +0 helmet (worn)
Jewellery
 b - an amulet of guardian spirit
 k - a ring of protection from cold
Scrolls
 c - a scroll of summoning {unknown}
 d - a scroll of identify
 g - a scroll of enchant armour {unknown}
Potions
 e - a potion of flight {unknown}
 i - a potion of invisibility {unknown}


   Skills:
 * Level 0.9 Fighting
 + Level 2.2 Dodging
 + Level 1.8 Stealth
 * Level 4.0 Spellcasting


You couldn't memorise any spells.
You knew the following spells:

 Your Spells              Type           Power      Damage    Failure   Level
a - Foxfire               Conj/Fire      72%        2x1d7     2%          1
b - Conjure Flame         Conj/Fire      18%        6-21      9%          3
c - Inner Flame           Hex/Fire       18%        N/A       9%          3
d - Sticky Flame          Conj/Fire      18%        2d4       28%         4
e - Fireball              Conj/Fire      9%         3d6       61%         5
f - Apportation           Tloc           36%        N/A       2%          1
g - Searing Ray           Conj           36%        3d4       4%          2
Your spell library was empty.

Dungeon Overview and Level Annotations

Branches:
Dungeon (4/15)
 Temple: D:4-7

Altars:

Shops:
D:1 =(?*(


Innate Abilities, Weirdness & Mutations

You are immune to sickness and miasma.
You are immune to poison.
Your flesh is very heat resistant. (rF++)
You are vulnerable to cold. (rC-)
You float through the air rather than walking.
You learn spells naturally, not from books.
Your magical power is your life essence.
You have superior vitality. (+4 HP)


Message History

Unknown command.
Casting: Foxfire (safe; 2% risk of failure)
Press: ? - help, Q - select action, (/) - cycle Dir - look around, f - activate You conjure some foxfire!
The foxfire hits the endoplasm.
The endoplasm is moderately wounded.
The foxfire hits the endoplasm!
You kill the endoplasm!
Casting: Foxfire (safe; 2% risk of failure)
Press: ? - help, Q - select action, (/) - cycle Dir - look around, f - activate You conjure some foxfire!
The foxfire hits the giant cockroach but does no damage.
A ball python comes into view.
The foxfire hits the giant cockroach.
The giant cockroach is severely wounded.
The orc priest invokes the aid of Beogh against you.
Beogh smites you!
Casting: Foxfire (safe; 2% risk of failure)
Press: ? - help, Q - select action, (/) - cycle Dir - look around, f - activate You miscast Foxfire.
Nothing appears to happen.
The foxfire hits the giant cockroach.
You kill the giant cockroach!
The foxfire hits the orc.
The orc is moderately wounded.
The foxfire hits the orc priest.
The orc priest is almost dead.
Casting: Foxfire (safe; 2% risk of failure)
Press: ? - help, Q - select action, (/) - cycle Dir - look around, f - activate You conjure some foxfire!
The orc hits you with a +0 mace.
* * * LOW HITPOINT WARNING * * *
Unknown command.
Casting: Foxfire (safe; 2% risk of failure)
Press: ? - help, Q - select action, (/) - cycle Dir - look around, f - activate You conjure some foxfire!
* * * LOW HITPOINT WARNING * * *
An iguana comes into view.
The orc priest calls upon Beogh to heal the orc.
The orc's wounds heal themselves!
The orc hits you with a +0 mace.
You die...

..# .. #.# ...... #.#
........###.## l
#.......##... ..(
............####o...
##..........vvolS.)..
#........#..v@og.)...
...........#v####....
#...........# #
##..##..##.# ..
###......###.####..#
........## #......##
####.##.####........
#.........##.....
......##.###.....#


You could see 2 iguanas, an orc priest (ally target), an orc wizard, an orc
(ally target), a hobgoblin and a ball python.

Vanquished Creatures
  An adder (D:2)
  4 gnolls (D:2)
  5 dart slugs
  2 orcs (D:4)
  3 ball pythons
  3 bats
  8 endoplasms
  2 giant cockroaches
  4 goblins (D:2)
  4 hobgoblins
  2 jackals (D:3)
  A quokka (D:1)
  7 kobolds
  3 rats
49 creatures vanquished.

Vanquished Creatures (others)
  227 foxfires
227 creatures vanquished.

Grand Total: 276 creatures vanquished

Notes
Turn   | Place    | Note
-------+----------+-------------------------------------------
     0 | D:1      | robertstho the Djinni Fire Elementalist began the quest for
                  | the Orb.
     0 | D:1      | Reached XP level 1. HP: 15/15 MP: 0/0
   321 | D:1      | Found Qes Ecs's Antique Weapon Shop.
   362 | D:1      | Reached XP level 2. HP: 14/21 MP: 0/0
   642 | D:1      | Found Teisch's Magic Scroll Shoppe.
   690 | D:1      | Found Cokyemp's Weapon Boutique.
   696 | D:1      | Bought a scroll of identify for 28 gold pieces
   703 | D:1      | Reached skill level 3 in Spellcasting
   857 | D:1      | Found Zuenot's Jewellery Emporium.
   888 | D:1      | Found Nusah's Assorted Antiques.
   893 | D:1      | Reached XP level 3. HP: 23/26 MP: 0/0
   893 | D:1      | Learned a level 1 spell: Apportation
  1006 | D:1      | Found a faded altar of an unknown god.
  1742 | D:2      | Reached XP level 4. HP: 26/31 MP: 0/0
  3283 | D:3      | Reached XP level 5. HP: 28/36 MP: 0/0
  3283 | D:3      | Learned a level 2 spell: Searing Ray
  3806 | D:4      | Reached skill level 4 in Spellcasting
  3812 | D:4      | Slain by an orc

Illustrated notes

Levels and vault maps discovered:
D:1:      dpeg_arrival_simpleton_c, layout_rooms, serial_shops,
          nicolae_shop_crystal, nicolae_shop_trees, shop, nicolae_shop_stone,
          shop, chequers_ecumenical_altar_simple, minmay_misc_feat_tower,
          amethyst_killhole
D:2:      layout_basic, kennysheep_another_room, patterned_corridor
D:3:      layout_rooms
D:4:      layout_rooms, minmay_temple_entry_antechambers, minmay_misc_feat_rows,
          minmay_goblin_kobold_house

Skill      XL: |  1  2  3  4  5 |
---------------+----------------+-----
Spellcasting   | 3 4 |  4.0
Fighting       | |  0.9
Dodging        | |  2.2
Stealth        | |  1.8

Action                   |  1- 3 |  4- 6 || total
-------------------------+-------+-------++-------
Melee: Short sword       |       |     4 ||     4
 Cast: Foxfire           |    73 |    68 ||   141
Armor: Robe              |     2 |     3 ||     5
Dodge: Dodged            |     3 |     7 ||    10

Table legend: (Time is in decaauts)
 A = Elapsed time spent in this place.
 B = Non-inter-level travel time spent in this place.
 C = Inter-level travel time spent in this place.
 D = Time resting spent in this place.
 E = Time spent auto-exploring this place.
 F = Levels seen in this place.
 G = Mean time per level.
                   A        B        C        D        E       F      G
               +--------+--------+--------+--------+--------+-----+--------+
         Total |   3811 |   3716 |     95 |      0 |   3409 |   4 |  952.8 |
       Dungeon |   3811 |   3716 |     95 |      0 |   3409 |   4 |  952.8 |
               +--------+--------+--------+--------+--------+-----+--------+

Top non-repeatable levels by time:
     D:2: 1719 daAuts
     D:1: 1302 daAuts
     D:3: 724 daAuts
     D:4: 64 daAuts
